[Event "Sunday 22 April Rapid Engine Tour 12+1 Rounds 9 Starts 1600ST"]
[Site "Infinity Chess"]
[Date "2018.4.22"]
[Round "3"]
[White "angriff"]
[Black "IronMan"]
[Result "0-1"]
[ECO "C11"]
[WhiteElo "2401"]
[BlackElo "2430"]
[WhiteEngine "DracoREX 3.07 64BIT POPCNT_CTG"]
[BlackEngine "Eman 170b23-EXP3"]
[EventType "Swiss"]
[WhiteTeam ""]
[BlackTeam ""]
[PlyCount "262"]
[TimeControl "720+1"]

1. e4 e6 2. d4 d5 3. Nc3 Nf6 4. e5 Nfd7 5. f4 c5 6. Nf3 Nc6 7. Be3 Be7 
8. Qd2 O-O 9. dxc5 Nxc5 10. O-O-O a6 11. Qf2 b6 12. h4 Qc7 13. Kb1 Bb7 
14. h5 Rac8 15. h6 g6 16. Nd4 Nxd4 17. Bxd4 b5 18. a3 Ba8 19. g4 Ne4 
20. Nxe4 dxe4 21. Rh3 Bd5 22. g5 Qb7 23. Bc3 Rc6 24. Ba5 Rfc8 25. c3 Bb3 
26. Re1 Bd8 27. Bxd8 Rxd8 28. Bg2 Rc4 29. Qe3 a5 30. Ka1 Kf8 31. Bf1 Rcc8 
32. Bg2 Rc4 33. Qe2 Ke7 34. Bf1 Qd5 35. Rb1 Kf8 36. Rg3 Ba2 37. Rc1 Rcc8 
38. Qe1 Bb3 39. Kb1 Kg8 40. Be2 Ba2+ 41. Ka1 Bb3 42. Kb1 Kf8 43. Re3 Qc5 
44. Rg3 Rc7 45. Bd1 Bc4 46. Bc2 Bd3 47. Bxd3 exd3 48. Rd1 Qc4 49. Qd2 Rcd7 
50. Rc1 Ke8 51. Ka1 Qa4 52. Kb1 Rc8 53. Ka1 Rcd8 54. Kb1 Qe4 55. Ka2 Rb8 
56. Rd1 Rbd8 57. Rc1 Qd5+ 58. Ka1 Qb3 59. Kb1 Qa4 60. Rh3 Qe4 61. Rd1 b4 
62. cxb4 axb4 63. Qxb4 Qg2 64. Rhh1 d2 65. Rhf1 Qe2 66. Qb3 Rc8 67. Ka2 Qa6 
68. Qb4 Qd3 69. Rb1 Qd5+ 70. Ka1 Rc4 71. Qb8+ Rd8 72. Qb3 Qd4 73. Rfd1 Qxf4 
74. Qb5+ Kf8 75. Ka2 Rcd4 76. Qc5+ Kg8 77. Rg1 R4d5 78. Qc6 Qxe5 79. Rbd1 Rd3 
80. Rg4 Qe2 81. Rgg1 Qe3 82. Rg4 Qe5 83. Qe4 Qf5 84. Qe2 Qd5+ 85. Kb1 Rd4 
86. Rg3 Rc4 87. Rf3 Rc1+ 88. Rxc1 Qa2+ 89. Kxa2 dxc1=N+ 90. Ka1 Nxe2 91. b4 f5 
92. gxf6 Kf7 93. Re3 Nd4 94. Kb2 g5 95. a4 Kxf6 96. b5 g4 97. b6 e5 98. Re1 Rb8 
99. a5 Nc6 100. Rb1 Nxa5 101. Kc2 Kf5 102. Kd3 e4+ 103. Ke2 Nc4 104. Rf1+ Kg5 
105. Rc1 Nxb6 106. Rb1 g3 107. Rg1 Nd5 108. Rxg3+ Kxh6 109. Rh3+ Kg5 
110. Rg3+ Kf4 111. Rh3 Rb2+ 112. Kd1 e3 113. Kc1 Ra2 114. Rh4+ Ke5 115. Kb1 e2 
116. Kxa2 e1=Q 117. Rh2 Nc3+ 118. Kb3 Kd4 119. Kb4 Qb1+ 120. Ka3 Qa1+ 
121. Kb3 h6 122. Rd2+ Ke3 123. Rh2 Kd3 124. Rh3+ Kd4 125. Rh4+ Ne4 126. Kc2 h5 
127. Kb3 Qb1+ 128. Ka4 Kc4 129. Rxe4+ Qxe4 130. Ka3 Qg2 131. Ka4 Qa8# 0-1

[Event "Sunday 22 April Rapid Engine Tour 12+1 Rounds 9 Starts 1600ST"]
[Site "Infinity Chess"]
[Date "2018.4.22"]
[Round "3"]
[White "ocirema"]
[Black "MedusaV3"]
[Result "1/2-1/2"]
[ECO "C55"]
[WhiteElo "2420"]
[BlackElo "2414"]
[WhiteEngine "stockfish_18041820_x64_modern_CTG"]
[BlackEngine "Eman 1.70-beta23 64-bit BMI2_CTG"]
[EventType "Swiss"]
[WhiteTeam ""]
[BlackTeam ""]
[PlyCount "99"]
[TimeControl "720+1"]

1. e4 e5 2. Nf3 Nc6 3. Bc4 Nf6 4. d3 Bc5 5. c3 d6 6. O-O a5 7. Re1 O-O 
8. Nbd2 Ng4 9. Re2 Nf6 10. Nf1 Be6 11. Bb5 Ne7 12. h3 c6 13. Ba4 Ng6 14. d4 Bb6 
15. Ng3 Re8 16. Bc2 Bc7 17. Be3 d5 18. dxe5 Nxe4 19. Nxe4 dxe4 20. Rd2 Qe7 
21. Bxe4 h6 22. Bxg6 fxg6 23. Nd4 Bxe5 24. Nxe6 Qxe6 25. a4 Kh7 26. Qg4 Qb3 
27. Qd1 Qf7 28. Qc2 Bf4 29. Bxf4 Qxf4 30. Rd4 Qg5 31. Rad1 Re7 32. g3 Qh5 
33. Kg2 Rf8 34. Rg4 Rf6 35. Rd2 c5 36. Rf4 Rxf4 37. gxf4 b6 38. c4 Re6 
39. Kg3 Qf5 40. Qxf5 gxf5 41. b3 Kg6 42. Rd1 Kf6 43. Rd8 g6 44. Kf3 Rc6 
45. h4 Re6 46. Rg8 Rd6 47. Ke3 Re6+ 48. Kf3 Rd6 49. Ke3 Re6+ 50. Kf3 1/2-1/2

[Event "Sunday 22 April Rapid Engine Tour 12+1 Rounds 9 Starts 1600ST"]
[Site "Infinity Chess"]
[Date "2018.4.22"]
[Round "3"]
[White "Thinker"]
[Black "SkyPilot"]
[Result "1/2-1/2"]
[ECO "C50"]
[WhiteElo "2454"]
[BlackElo "2449"]
[WhiteEngine "stockfish_18041820_x64_modern_CTG"]
[BlackEngine "stockfish_x64_bmi2_2018_04_07_CTG"]
[EventType "Swiss"]
[WhiteTeam ""]
[BlackTeam ""]
[PlyCount "164"]
[TimeControl "720+1"]

1. e4 e5 2. Nf3 Nc6 3. Bc4 Bc5 4. d3 Nf6 5. c3 d6 6. O-O O-O 7. h3 a5 8. Nbd2 h6 
9. Re1 Be6 10. a4 Bxc4 11. Nxc4 Re8 12. Be3 Bxe3 13. Nxe3 b6 14. Qb3 Ne7 
15. g3 Ng6 16. Nd5 Nd7 17. Qd1 Ne7 18. Nxe7+ Rxe7 19. Nh4 g6 20. Ng2 Nf6 
21. Ne3 Kg7 22. Kg2 d5 23. Qf3 c6 24. exd5 cxd5 25. Red1 Rc8 26. d4 e4 
27. Qe2 h5 28. Rac1 Rd7 29. b3 Rc6 30. h4 Rcd6 31. Qb2 Ng8 32. c4 Ne7 
33. cxd5 Nxd5 34. Nxd5 Rxd5 35. Rc6 Kh7 36. Qc3 Rxd4 37. Rxd4 Rxd4 38. Rc7 Rd7 
39. Rc8 Rd3 40. Qc6 Qd4 41. Qe8 Qf6 42. Qg8+ Kh6 43. Qf8+ Qg7 44. Qe8 Qd4 
45. Rc4 Qf6 46. Qxe4 Rc3 47. Rxc3 Qxc3 48. Qe8 Kg7 49. Qb5 Qf6 50. Qe8 Qd6 
51. Qe4 Qc7 52. Qd4+ Kh7 53. Qd5 Kg7 54. Kh2 Kg8 55. Qf3 Kh7 56. Qe3 Qb7 
57. Qd4 Qc7 58. Qf6 Qb7 59. Kg1 Kg8 60. Qd8+ Kg7 61. Kh2 Qc6 62. Qd1 Qf6 
63. Qe1 Qf3 64. Qa1+ f6 65. Qd4 Qxb3 66. Qd7+ Kh6 67. Qe7 Qxa4 68. Qf8+ Kh7 
69. Qf7+ Kh6 70. Qf8+ Kh7 71. Qf7+ Kh6 72. Qxf6 Kh7 73. Qxb6 Kg7 74. Qc7+ Kf6 
75. f3 Qa1 76. Qc4 a4 77. Qf4+ Kg7 78. Qc7+ Kh6 79. Qd6 a3 80. Qf8+ Kh7 
81. Qe7+ Kh6 82. Qg5+ Kh7 1/2-1/2

[Event "Sunday 22 April Rapid Engine Tour 12+1 Rounds 9 Starts 1600ST"]
[Site "Infinity Chess"]
[Date "2018.4.22"]
[Round "3"]
[White "hafaba"]
[Black "Time_bandit"]
[Result "1/2-1/2"]
[ECO "D20"]
[WhiteElo "2462"]
[BlackElo "2472"]
[WhiteEngine "Eman 1.70-beta21 64-bit POPCNT_CTG"]
[BlackEngine "asmFishW_2018-04-11_bmi2"]
[EventType "Swiss"]
[WhiteTeam ""]
[BlackTeam ""]
[PlyCount "111"]
[TimeControl "720+1"]

1. d4 d5 2. c4 dxc4 3. e4 e5 4. Nf3 exd4 5. Bxc4 Nc6 6. O-O Be6 7. Bb5 Bc5 
8. b4 Bb6 9. a4 a6 10. Bxc6+ bxc6 11. a5 Ba7 12. Bb2 Nf6 13. Bxd4 Nxe4 
14. Bxa7 Qxd1 15. Rxd1 Rxa7 16. Nd4 c5 17. Nc6 Ra8 18. f3 Nf6 19. bxc5 h5 
20. Nc3 h4 21. Rd4 Kf8 22. Rad1 g6 23. Ne4 Kg7 24. Rc1 Nxe4 25. fxe4 h3 
26. g3 Rhe8 27. Kf2 Bg4 28. e5 Bc8 29. Re1 g5 30. g4 Re6 31. Nd8 Re8 32. Nc6 Bb7 
33. Nb4 Rab8 34. c6 Bc8 35. Ree4 Kg6 36. Ke3 f5 37. exf6 Rxe4+ 38. Rxe4 Rb5 
39. Re7 Rxb4 40. f7 Rb3+ 41. Kd4 Rf3 42. Re8 Kxf7 43. Rxc8 Ke6 44. Rxc7 Kd6 
45. Rg7 Kxc6 46. Rg6+ Kb7 47. Rxg5 Rf2 48. Rh5 Rxh2 49. Rh7+ Kc8 50. Kc5 Rh1 
51. Kb6 h2 52. Kxa6 Rg1 53. Rxh2 Rxg4 54. Rh7 Rc4 55. Rh1 Rc6+ 56. Kb5 1/2-1/2

[Event "Sunday 22 April Rapid Engine Tour 12+1 Rounds 9 Starts 1600ST"]
[Site "Infinity Chess"]
[Date "2018.4.22"]
[Round "3"]
[White "Marsell"]
[Black "Susanne"]
[Result "1/2-1/2"]
[ECO "B32"]
[WhiteElo "2473"]
[BlackElo "2504"]
[WhiteEngine "BrainFish_180418_x64_bmi2"]
[BlackEngine "asmFishW_IX_bmi2_CTG"]
[EventType "Swiss"]
[WhiteTeam ""]
[BlackTeam ""]
[PlyCount "90"]
[TimeControl "720+1"]

1. e4 c5 2. Nf3 Nc6 3. d4 cxd4 4. Nxd4 e5 5. Nb5 d6 6. N1c3 a6 7. Na3 b5 
8. Nd5 Nf6 9. Bg5 Be7 10. Bxf6 Bxf6 11. c3 Rb8 12. Nc2 Bg5 13. a4 bxa4 
14. Ncb4 Nxb4 15. Nxb4 Bd7 16. Bxa6 Qa5 17. Qxd6 Rb6 18. Qd3 Be6 19. Bc4 Rxb4 
20. Bxe6 Rd4 21. Qf3 O-O 22. Bd5 Bd2+ 23. Kf1 Qb5+ 24. c4 Qxb2 25. Rxa4 Rxd5 
26. exd5 Qb1+ 27. Ke2 Qc2 28. Qd3 Qxa4 29. Kxd2 Qa7 30. Ke2 Qa2+ 31. Ke3 f5 
32. d6 Qa7+ 33. c5 Qxc5+ 34. Ke2 Qc6 35. Rd1 Qxg2 36. Qc4+ Kh8 37. d7 Rd8 
38. Rd6 h6 39. Re6 Qa8 40. Rc6 Qb7 41. Rc7 Qb2+ 42. Ke1 Qb1+ 43. Ke2 Qb2+ 
44. Ke1 Qb1+ 45. Ke2 Qb2+ 1/2-1/2

[Event "Sunday 22 April Rapid Engine Tour 12+1 Rounds 9 Starts 1600ST"]
[Site "Infinity Chess"]
[Date "2018.4.22"]
[Round "3"]
[White "Katzenmaier"]
[Black "Gilgamesch"]
[Result "1/2-1/2"]
[ECO "A13"]
[WhiteElo "2515"]
[BlackElo "2480"]
[WhiteEngine "Raubfisch ME262_GTZ17a."]
[BlackEngine "BrainFish_180408_x64_bmi2"]
[EventType "Swiss"]
[WhiteTeam ""]
[BlackTeam ""]
[PlyCount "125"]
[TimeControl "720+1"]

1. c4 e6 2. d4 d5 3. cxd5 exd5 4. Nc3 c6 5. Bf4 Nf6 6. Nf3 Be7 7. Qc2 Nh5 
8. Bd2 O-O 9. e4 dxe4 10. Nxe4 Bf5 11. Bd3 Na6 12. a3 Nc7 13. O-O Nd5 14. g3 Re8 
15. Rfe1 g6 16. h4 Ng7 17. Bg5 f6 18. Bh6 Rb8 19. Bc4 Bf8 20. Rac1 Kh8 
21. Bd3 Qc7 22. Nfd2 Rbd8 23. Qc4 Nb6 24. Qc3 Nd5 25. Qc4 Re7 26. Nc5 Bxd3 
27. Qxd3 Rde8 28. Rxe7 Qxe7 29. Qb3 b6 30. Nce4 Qd7 31. Qc4 Re6 32. b4 Kg8 
33. Bxg7 Kxg7 34. Nc3 Nxc3 35. Qxc3 h5 36. Qb3 Rd6 37. Nf3 Be7 38. Re1 Rd5 
39. Kg2 Rd6 40. Qc4 Bf8 41. Qc3 Re6 42. Qc4 Rxe1 43. Nxe1 b5 44. Qc3 Kf7 
45. Nf3 Qe6 46. Qc2 Be7 47. Qc3 Qd5 48. Qe3 a6 49. Kg1 Bd6 50. Nd2 Bf8 
51. Ne4 Bh6 52. Nd6+ Qxd6 53. Qxh6 Qf8 54. Qe3 Qe7 55. Qh6 Qe1+ 56. Kg2 f5 
57. Qe3 Qxe3 58. fxe3 Ke6 59. Kf3 Kd5 60. Kf4 Ke6 61. Kf3 Kd7 62. Kf2 Ke6 
63. Kf3 1/2-1/2

[Event "Sunday 22 April Rapid Engine Tour 12+1 Rounds 9 Starts 1600ST"]
[Site "Infinity Chess"]
[Date "2018.4.22"]
[Round "3"]
[White "star99"]
[Black "Seliga"]
[Result "1/2-1/2"]
[ECO "D30"]
[WhiteElo "2501"]
[BlackElo "2468"]
[WhiteEngine "Cryptic Heroes 9.4B"]
[BlackEngine "AsmFish A12_CTG"]
[EventType "Swiss"]
[WhiteTeam ""]
[BlackTeam ""]
[PlyCount "101"]
[TimeControl "720+1"]

1. d4 d5 2. c4 e6 3. Nf3 Nf6 4. e3 b6 5. Bd3 Bb7 6. O-O dxc4 7. Bxc4 a6 
8. Nc3 Nbd7 9. e4 b5 10. Bb3 b4 11. e5 bxc3 12. exf6 Qxf6 13. bxc3 Bd6 
14. Ba4 Bxf3 15. Qxf3 Qxf3 16. gxf3 Ke7 17. Bc6 Rab8 18. c4 Bb4 19. Rb1 e5 
20. Bb2 exd4 21. Bxd4 Bc5 22. Bc3 Rxb1 23. Rxb1 Rd8 24. Re1+ Kf8 25. Bb7 Rb8 
26. Bxa6 Ra8 27. Bb5 Rxa2 28. Bxd7 Bxf2+ 29. Kf1 Bxe1 30. Kxe1 Rxh2 31. Be5 Rh1+ 
32. Kf2 Rc1 33. Bb5 c6 34. Bd6+ Kg8 35. Ba6 Rc2+ 36. Ke3 Ra2 37. Bb7 Ra7 
38. Bc8 Ra8 39. Bb7 Ra7 40. Bc8 Ra8 41. Bh3 g6 42. Kd4 f5 43. f4 Ra2 44. Kc5 Rh2 
45. Bf1 Rf2 46. Bd3 h5 47. Kxc6 Rf3 48. Be2 Rf2 49. Bd3 Rf3 50. Be2 Rf2 51. Bd3 
1/2-1/2

[Event "Sunday 22 April Rapid Engine Tour 12+1 Rounds 9 Starts 1600ST"]
[Site "Infinity Chess"]
[Date "2018.4.22"]
[Round "2"]
[White "IronMan"]
[Black "Dovahkiin"]
[Result "1/2-1/2"]
[ECO "D30"]
[WhiteElo "2433"]
[BlackElo "2369"]
[WhiteEngine "Eman 170b23-EXP3"]
[BlackEngine "BrainFish_180418_x64_modern_CTG"]
[EventType "Swiss"]
[WhiteTeam ""]
[BlackTeam ""]
[PlyCount "89"]
[TimeControl "720+1"]

1. d4 d5 2. c4 e6 3. Nf3 Nf6 4. Nc3 c6 5. Bg5 h6 6. Bxf6 Qxf6 7. e3 Nd7 
8. Bd3 dxc4 9. Bxc4 g6 10. O-O Bg7 11. e4 O-O 12. e5 Qe7 13. Qe2 b5 14. Bd3 Rb8 
15. Rfd1 b4 16. Ne4 c5 17. dxc5 Nxc5 18. Qe3 Nxe4 19. Bxe4 Ba6 20. Rd6 Bb5 
21. Rad1 a5 22. h4 Rfc8 23. g3 Ba4 24. R1d4 Be8 25. b3 Rb5 26. Bd3 Rbc5 
27. Kg2 Rc3 28. Qf4 Qc7 29. Be4 Rc5 30. Kh2 Qe7 31. Bd3 Bc6 32. Be4 Bb5 
33. Bd3 Bc6 34. Be4 Be8 35. Bd3 Qa7 36. Be4 Rb8 37. Kg1 Qe7 38. Bd3 Rc3 
39. Kg2 Bc6 40. Be4 Bb5 41. Qd2 Rcc8 42. Qe3 Rc3 43. Qd2 Rcc8 44. Qf4 Rc3 
45. Qd2 1/2-1/2

[Event "Sunday 22 April Rapid Engine Tour 12+1 Rounds 9 Starts 1600ST"]
[Site "Infinity Chess"]
[Date "2018.4.22"]
[Round "2"]
[White "MedusaV3"]
[Black "angriff"]
[Result "1/2-1/2"]
[ECO "D00"]
[WhiteElo "2415"]
[BlackElo "2400"]
[WhiteEngine "Eman 1.70-beta23 64-bit BMI2_CTG"]
[BlackEngine "DracoREX 3.07 64BIT POPCNT_CTG"]
[EventType "Swiss"]
[WhiteTeam ""]
[BlackTeam ""]
[PlyCount "146"]
[TimeControl "720+1"]

1. d4 d5 2. e3 Nf6 3. c4 e6 4. Nf3 c6 5. Nbd2 Nbd7 6. Bd3 b6 7. O-O Bb7 
8. b3 Be7 9. Bb2 O-O 10. Qe2 a5 11. e4 dxe4 12. Nxe4 Nxe4 13. Qxe4 g6 
14. Qf4 Bf6 15. Be4 Bg7 16. Ba3 Re8 17. Ne5 Nxe5 18. dxe5 Qd4 19. Rad1 Qxe5 
20. Qe3 Bf8 21. Bxf8 Rxf8 22. Rd7 Rab8 23. Bf3 Qxe3 24. fxe3 Ba8 25. a4 h5 
26. h4 Rb7 27. Rfd1 Kg7 28. Rxb7 Bxb7 29. Rd6 Kf6 30. Rd7 Rb8 31. Rc7 e5 
32. Kf1 Ba8 33. Bxc6 Bxc6 34. Rxc6+ Kf5 35. Kf2 Kg4 36. g3 e4 37. Rd6 Kh3 
38. Rd1 Re8 39. Rh1+ Kg4 40. Rd1 Re6 41. Kg2 f6 42. Rd4 f5 43. Rd1 g5 
44. Rd7 Rg6 45. hxg5 Kxg5 46. Rd5 Kg4 47. Kf2 Kg5 48. Kg2 Rh6 49. Rb5 Kg4 
50. Rd5 Rc6 51. Re5 Rg6 52. Re8 h4 53. gxh4 Kxh4+ 54. Kf2 Kg5 55. Rf8 Rc6 
56. Rg8+ Kh5 57. Re8 Kg5 58. Rg8+ Kh5 59. Ke2 Rh6 60. Rd8 Rc6 61. Kf2 Kg4 
62. Kg2 f4 63. Rg8+ Kf5 64. Rf8+ Rf6 65. Rxf6+ Kxf6 66. exf4 Ke6 67. Kf2 Kf6 
68. c5 bxc5 69. Ke2 Kg6 70. Kf2 Kf6 71. Kg2 Kf5 72. Kg3 Ke6 73. Kf2 Kf6 1/2-1/2

[Event "Sunday 22 April Rapid Engine Tour 12+1 Rounds 9 Starts 1600ST"]
[Site "Infinity Chess"]
[Date "2018.4.22"]
[Round "2"]
[White "SkyPilot"]
[Black "ocirema"]
[Result "1/2-1/2"]
[ECO "D31"]
[WhiteElo "2450"]
[BlackElo "2419"]
[WhiteEngine "stockfish_x64_bmi2_2018_04_07_CTG"]
[BlackEngine "stockfish_18041820_x64_modern_CTG"]
[EventType "Swiss"]
[WhiteTeam ""]
[BlackTeam ""]
[PlyCount "92"]
[TimeControl "720+1"]

1. d4 d5 2. c4 e6 3. Nc3 c6 4. e4 dxe4 5. Nxe4 Bb4+ 6. Bd2 Qxd4 7. Bxb4 Qxe4+ 
8. Be2 Na6 9. Ba5 b6 10. Qd6 Bd7 11. Bc3 f6 12. Nf3 Nh6 13. Rd1 Rd8 14. Qa3 Bc8 
15. Nd2 Qf4 16. Bh5+ Nf7 17. O-O c5 18. Qa4+ Ke7 19. Rfe1 Ng5 20. Re3 Rd6 
21. Rde1 Rhd8 22. Nf3 Kf8 23. a3 Nf7 24. h3 Rd3 25. Rxd3 Rxd3 26. Be5 fxe5 
27. Bxf7 Nc7 28. Bh5 e4 29. g3 Qd6 30. Rxe4 g6 31. Ne5 gxh5 32. Nxd3 Qxd3 
33. Rf4+ Kg7 34. Qc6 Qd1+ 35. Kh2 Qd7 36. Qe4 Ne8 37. Qe5+ Kg6 38. Rf8 Bb7 
39. g4 hxg4 40. hxg4 Bc6 41. Kh3 Qd3+ 42. f3 Qf1+ 43. Kh2 Qf2+ 44. Kh3 Qf1+ 
45. Kh2 Qf2+ 46. Kh3 Qf1+ 1/2-1/2

[Event "Sunday 22 April Rapid Engine Tour 12+1 Rounds 9 Starts 1600ST"]
[Site "Infinity Chess"]
[Date "2018.4.22"]
[Round "2"]
[White "hafaba"]
[Black "Thinker"]
[Result "1/2-1/2"]
[ECO "C50"]
[WhiteElo "2462"]
[BlackElo "2454"]
[WhiteEngine "Eman 1.70-beta21 64-bit POPCNT_CTG"]
[BlackEngine "stockfish_18041820_x64_modern_CTG"]
[EventType "Swiss"]
[WhiteTeam ""]
[BlackTeam ""]
[PlyCount "200"]
[TimeControl "720+1"]

1. e4 e5 2. Nf3 Nc6 3. Bc4 Bc5 4. O-O Nf6 5. d3 d6 6. c3 O-O 7. h3 a6 8. Re1 Ba7 
9. a4 h6 10. Nbd2 Re8 11. Bb3 Be6 12. Bxe6 Rxe6 13. b4 d5 14. Qc2 d4 
15. Bb2 dxc3 16. Bxc3 a5 17. b5 Nb4 18. Bxb4 axb4 19. Nc4 Nd7 20. Reb1 Bc5 
21. a5 Qe8 22. Ne3 c6 23. b6 Bxe3 24. fxe3 Qe7 25. Nd2 c5 26. Nb3 Rc6 
27. Rc1 Nf8 28. Nd2 Ne6 29. Nc4 Nd8 30. Qa4 f6 31. Qb5 Ra6 32. Nd2 Ne6 
33. Nb3 Qd6 34. Qc4 Kh8 35. Rd1 Ra8 36. Rd2 Rac8 37. Qb5 Kh7 38. Kh2 Rd8 
39. Kg1 Ra8 40. Qc4 Rd8 41. Kh2 Qe7 42. Qb5 Qd6 43. Rc1 Rb8 44. Qc4 Rbc8 
45. Rdd1 Qe7 46. Qb5 Qd8 47. Re1 Kg8 48. Ra1 Rd6 49. Rec1 Rdc6 50. Nd2 Ra8 
51. Kg1 Kh7 52. Kh2 Kg6 53. Nb3 Qd6 54. Rd1 Kh7 55. Kh1 Ng5 56. Qc4 Ne6 
57. Qc2 Kh8 58. Kg1 Qe7 59. Qc4 Qd6 60. Nd2 Kh7 61. Qb3 Ng5 62. Qc4 Qe7 
63. Qb5 Nf7 64. Nc4 Nd6 65. Nxd6 Qxd6 66. Qc4 Qd7 67. Qb5 Rc7 68. Qc4 Rc6 
69. Kh2 Rd8 70. Rac1 Rcc8 71. Rd2 Qe8 72. Kg1 Rd6 73. Rdd1 h5 74. Kh2 Kh6 
75. Kg1 h4 76. Kf1 Rdd8 77. Rd2 Rd6 78. Rdd1 Qa4 79. Ra1 Qd7 80. Ke2 Rd8 
81. Ra2 Rc6 82. Kd2 g5 83. Kc2 g4 84. Kb3 Ra8 85. Kb2 gxh3 86. gxh3 Qxh3 
87. Qf7 Rd6 88. Qxb7 Rad8 89. Qf7 Qf3 90. Raa1 Rxd3 91. Rxd3 Rxd3 92. Qf8+ Kh7 
93. Qe7+ Kh6 94. Qf8+ Kh7 95. Rc1 Rxe3 96. Qf7+ Kh6 97. Qf8+ Kh5 98. Qf7+ Kh6 
99. Qf8+ Kh5 100. Qf7+ Kh6 1/2-1/2

[Event "Sunday 22 April Rapid Engine Tour 12+1 Rounds 9 Starts 1600ST"]
[Site "Infinity Chess"]
[Date "2018.4.22"]
[Round "2"]
[White "Time_bandit"]
[Black "Marsell"]
[Result "1/2-1/2"]
[ECO "C77"]
[WhiteElo "2472"]
[BlackElo "2473"]
[WhiteEngine "asmFishW_2018-04-11_bmi2"]
[BlackEngine "BrainFish_180418_x64_bmi2"]
[EventType "Swiss"]
[WhiteTeam ""]
[BlackTeam ""]
[PlyCount "157"]
[TimeControl "720+1"]

1. e4 e5 2. Nf3 Nc6 3. Bb5 a6 4. Ba4 Nf6 5. O-O Be7 6. Re1 b5 7. Bb3 O-O 
8. c3 d5 9. exd5 Nxd5 10. Nxe5 Nxe5 11. Rxe5 c6 12. d4 Bd6 13. Re1 Qh4 
14. g3 Qh3 15. Be3 Bg4 16. Qd3 Rae8 17. Nd2 Re6 18. a4 Qh5 19. axb5 axb5 
20. Nf1 Bf5 21. Qd2 Bh3 22. Bd1 Qg6 23. Bf3 Qf5 24. Qd1 h5 25. Ra6 Bc7 
26. Bh1 Rf6 27. Qe2 h4 28. Bd2 Re6 29. Qf3 Rxe1 30. Bxe1 Bf4 31. Qe4 Qd7 
32. Qd3 Re8 33. Ra1 Qe6 34. c4 bxc4 35. Qxc4 Bg5 36. Bc3 Qd7 37. Re1 Rxe1 
38. Bxe1 Qe6 39. Bc3 g6 40. Bf3 Kf8 41. Qd3 Bf5 42. Qe2 Qxe2 43. Bxe2 Bc1 
44. gxh4 Nxc3 45. bxc3 Bb2 46. c4 Bxd4 47. h5 Kg7 48. hxg6 Kxg6 49. Kg2 Kg5 
50. Ne3 Bd7 51. Kf3 Be5 52. Kg2 Kf4 53. h4 Bd4 54. h5 Kg5 55. Kf3 c5 
56. Bd3 Kxh5 57. Nf5 Bxf5 58. Bxf5 Kg5 59. Bd7 f5 60. Ba4 Be5 61. Bc2 Bd4 
62. Ba4 Bb2 63. Bd1 Be5 64. Bc2 Bf6 65. Bb1 Bd4 66. Bd3 Be5 67. Bb1 Bf6 
68. Ba2 Bc3 69. Bb1 Be5 70. Ba2 f4 71. Ke4 Bd4 72. f3 Ba1 73. Bb3 Bd4 
74. Bd1 Be3 75. Kd5 Kf6 76. Be2 Kg5 77. Bd1 Bd4 78. Bc2 Be3 79. Bd1 1/2-1/2

[Event "Sunday 22 April Rapid Engine Tour 12+1 Rounds 9 Starts 1600ST"]
[Site "Infinity Chess"]
[Date "2018.4.22"]
[Round "2"]
[White "MarioDeMonti"]
[Black "star99"]
[Result "0-1"]
[ECO "D30"]
[WhiteElo "2477"]
[BlackElo "2485"]
[WhiteEngine "stockfish_x64_bmi2_2018_02_18_CTG"]
[BlackEngine "Cryptic Heroes 9.4B"]
[EventType "Swiss"]
[WhiteTeam ""]
[BlackTeam ""]
[PlyCount "174"]
[TimeControl "720+1"]

1. d4 d5 2. c4 e6 3. Nf3 Nf6 4. Nc3 c6 5. Bg5 dxc4 6. e4 b5 7. e5 h6 8. Bh4 g5 
9. Nxg5 hxg5 10. Bxg5 Nbd7 11. exf6 Bb7 12. h4 Qa5 13. a4 b4 14. Ne4 Nb6 
15. Qc1 O-O-O 16. Be3 c3 17. bxc3 bxc3 18. Qc2 e5 19. dxe5 Qxe5 20. Ng3 Kb8 
21. Qf5 Qc7 22. Be2 Nd5 23. Bg5 Bh6 24. Bxh6 Rxh6 25. h5 Rxf6 26. Qc2 Qf4 
27. O-O Ne3 28. Qxc3 Nxf1 29. Rxf1 Qd4 30. Ne4 Qxc3 31. Nxc3 Re6 32. Kh2 Rd2 
33. Bg4 Re5 34. Kg3 f5 35. Bf3 Rd4 36. Ra1 Re7 37. Rb1 Rg7+ 38. Kh3 a5 
39. Be2 Kc7 40. Rd1 Rxd1 41. Nxd1 c5 42. Kh4 Rxg2 43. h6 f4 44. Bd3 Kd7 
45. h7 Ke7 46. Bf5 Rh2+ 47. Kg5 Kf8 48. Kxf4 Kg7 49. Ke3 Rh5 50. Bd3 Rh3+ 
51. Kd2 Rf3 52. Ke2 Rf4 53. Nc3 Bc6 54. Bc2 Rd4 55. Ke3 Kh8 56. Ne2 Rc4 
57. Kd3 Rb4 58. Nc3 Kxh7 59. Ke3+ Kg7 60. Kd2 Rf4 61. Ke2 Kf6 62. Ke1 Ke5 
63. Bd1 Rd4 64. Ke2 Bf3+ 65. Kxf3 Rd3+ 66. Ke2 Rxc3 67. Kd2 Kd4 68. Bc2 Ra3 
69. Ke1 Kc3 70. Bg6 Rxa4 71. Ke2 Kd4 72. f4 Ra2+ 73. Kf3 c4 74. f5 c3 75. f6 c2 
76. Bxc2 Rxc2 77. f7 Rc8 78. Kf4 Rf8 79. Kg5 Rxf7 80. Kh6 Rf2 81. Kg5 a4 
82. Kg4 a3 83. Kh3 a2 84. Kg3 Ke3 85. Kh4 a1=Q 86. Kg3 Qg1+ 87. Kh4 Rh2# 0-1

[Event "Sunday 22 April Rapid Engine Tour 12+1 Rounds 9 Starts 1600ST"]
[Site "Infinity Chess"]
[Date "2018.4.22"]
[Round "2"]
[White "Susanne"]
[Black "Katzenmaier"]
[Result "1/2-1/2"]
[ECO "C53"]
[WhiteElo "2503"]
[BlackElo "2516"]
[WhiteEngine "asmFishW_IX_bmi2_CTG"]
[BlackEngine "Raubfisch ME262_GTZ17a."]
[EventType "Swiss"]
[WhiteTeam ""]
[BlackTeam ""]
[PlyCount "160"]
[TimeControl "720+1"]

1. e4 e5 2. Nf3 Nc6 3. Bc4 Bc5 4. c3 Nf6 5. d3 d6 6. O-O O-O 7. Nbd2 a5 
8. Re1 h6 9. Nf1 Be6 10. Bb5 Ne7 11. d4 Bb6 12. Be3 Nxe4 13. dxe5 Bxe3 
14. Rxe3 Ng5 15. Nxg5 hxg5 16. exd6 Nf5 17. Re2 Nxd6 18. Ba4 Qf6 19. Bb3 Rfe8 
20. Ne3 Bxb3 21. axb3 Qe6 22. Kf1 f6 23. Ra4 Qe5 24. g3 Rad8 25. Rd4 Nf7 
26. Nd5 Qxe2+ 27. Qxe2 Rxe2 28. Kxe2 Re8+ 29. Kd1 c6 30. Ne3 Ne5 31. Ke2 Kf7 
32. Re4 Rd8 33. Ra4 Nd3 34. Ra3 Nc5 35. Nc4 Re8+ 36. Kf3 Kg6 37. Rxa5 Nxb3 
38. Ra7 Re7 39. h3 f5 40. Kg2 Nc5 41. b4 Nd3 42. Ra2 f4 43. Rd2 Ne1+ 44. Kf1 Nf3 
45. Rd6+ Kf7 46. Rd3 Ne1 47. Nd6+ Kf6 48. Rd1 Nf3 49. c4 Ke6 50. Kg2 Ne5 
51. Ne4 Kf5 52. Rd4 fxg3 53. f3 Rd7 54. Rxd7 Nxd7 55. Nd6+ Kf4 56. Nxb7 Ne5 
57. Nd8 Nxc4 58. Nxc6 g6 59. b5 Ne3+ 60. Kg1 Nd5 61. Nd4 Ke3 62. Nb3 Kxf3 
63. Nd2+ Ke2 64. Nc4 g4 65. h4 Kf3 66. Ne5+ Ke4 67. Nxg6 Kf5 68. Nf8 Kf4 
69. Nd7 Kf3 70. Ne5+ Kf4 71. Nc4 g2 72. Kxg2 g3 73. Kh3 g2 74. Kxg2 Kg4 
75. h5 Kxh5 76. Kf3 Kg5 77. Ne3 Nf6 78. b6 Nd7 79. Nc4 Kf5 80. Ke3 Nxb6 1/2-1/2

[Event "Sunday 22 April Rapid Engine Tour 12+1 Rounds 9 Starts 1600ST"]
[Site "Infinity Chess"]
[Date "2018.4.22"]
[Round "2"]
[White "Gilgamesch"]
[Black "Seliga"]
[Result "1/2-1/2"]
[ECO "C50"]
[WhiteElo "2480"]
[BlackElo "2468"]
[WhiteEngine "BrainFish_180408_x64_bmi2"]
[BlackEngine "AsmFish A12_CTG"]
[EventType "Swiss"]
[WhiteTeam ""]
[BlackTeam ""]
[PlyCount "114"]
[TimeControl "720+1"]

1. e4 e5 2. Nf3 Nc6 3. Bc4 Bc5 4. O-O Nf6 5. d3 a5 6. c3 d6 7. Bb3 O-O 8. h3 h6 
9. Re1 Ba7 10. Nbd2 Be6 11. Ba4 Rb8 12. Nf1 b5 13. Bc2 d5 14. exd5 Nxd5 
15. Ng3 Re8 16. Bd2 Qd6 17. Nh4 Qc5 18. Rf1 Nf6 19. Be3 Qf8 20. Nhf5 a4 
21. Bxa7 Nxa7 22. d4 Bxf5 23. Nxf5 g6 24. dxe5 Rxe5 25. Qd4 Qc5 26. Nxh6+ Kg7 
27. Qxc5 Rxc5 28. Ng4 Nxg4 29. hxg4 Nc6 30. Rac1 Ne5 31. Bd1 Rd8 32. Rc2 a3 
33. bxa3 Ra8 34. Be2 Rxa3 35. Rd1 c6 36. Rdc1 Nc4 37. Rb1 Ra4 38. Rd1 Kf6 
39. g3 Na3 40. Rcc1 Kg7 41. Kh2 Nc4 42. Rc2 Ne5 43. Kg2 Nxg4 44. Bxg4 Rxg4 
45. f4 g5 46. Kf3 f5 47. Rd7+ Kf6 48. c4 gxf4 49. gxf4 bxc4 50. Rcd2 Rd5 
51. R7xd5 cxd5 52. Rxd5 c3 53. Rc5 Rh4 54. Kg2 Rxf4 55. Rxc3 Ra4 56. a3 Ke6 
57. Kf3 Ke5 1/2-1/2